 Dungeon Crawl Stone Soup version 0.25.0-11-g1f837a76a1 (webtiles) character file.

Game seed: 9116559656913792527

102435 Matador8 the Carver (level 15, -2/122 HPs)
             Began as a Demonspawn Necromancer on June 23, 2020.
             Was the Champion of Kikubaaqudgha.
             Slain by a spark wasp (5 damage)
             ... on level 4 of the Spider Nest on June 25, 2020.
             The game lasted 04:54:35 (37144 turns).

Matador8 the Carver (Demonspawn Necromancer)       Turns: 37144, Time: 04:54:36

Health: -2/122     AC: 23    Str: 13      XL:     15   Next: 86%
Magic:  15/27      EV: 13    Int: 17 (18) God:    Kikubaaqudgha [******]
Gold:   1463       SH:  7    Dex: 14      Spells: 0/31 levels left

rFire    + + .     SeeInvis .   a - +2 dagger (venom)
rCold    + + .     Gourm    .   L - +2 buckler
rNeg     + . .     Faith    .   x - +2 leather armour {rC+}
rPois    +         Spirit   .   P - -2 hat of the Alchemist {rElec rPois rF+ rC+ rN+ MR+ rMut rCorr}
rElec    +         Reflect  .   E - +0 cloak "Ximucoih" {+Inv rF+}
rCorr    +         Harm     .   e - +1 pair of gloves
rMut     +                      D - +2 pair of boots {Stlth+}
MR       ++...                  u - amulet of magic regeneration
Stlth    ++++++....             v - ring of wizardry
HPRegen  0.30/turn              Q - +4 ring of protection
MPRegen  0.45/turn

@: mighty, sanguine armour, very slightly contaminated, studying Shields,
invisible (expiring)
A: horns 2, nightstalker 2, spiny 3, sanguine armour 2
a: Receive Corpses, Torment, Renounce Religion


You were on level 4 of the Spider Nest.
You worshipped Kikubaaqudgha.
Kikubaaqudgha was exalted by your worship.
You were very hungry.

You visited 5 branches of the dungeon, and saw 27 of its levels.

You collected 2523 gold pieces.
You spent 1060 gold pieces at shops.

Inventory:

Hand Weapons
 a - a +2 dagger of venom (weapon)
 b - a +0 scimitar of flaming
 r - a +1 dagger of electrocution
Missiles
 T - a throwing net (quivered)
Armour
 e - a +1 pair of gloves (worn)
 x - a +2 leather armour of cold resistance (worn)
 D - a +2 pair of boots of stealth (worn)
 E - the +0 cloak "Ximucoih" (worn) {+Inv rF+}
   (You found it on level 5 of the Dungeon)

   It protects you from fire.
   It lets you turn invisible.
 L - a +2 buckler (worn)
 P - the -2 hat of the Alchemist (worn) {rElec rPois rF+ rC+ rN+ MR+ rMut rCorr}
   (You found it on level 12 of the Dungeon)

   It protects you from fire.
   It protects you from cold.
   It insulates you from electricity.
   It protects you from poison.
   It protects you from negative energy.
   It affects your resistance to hostile enchantments.
   It provides partial protection from all sources of acid and corrosion.
   It protects you from mutation.
 W - the +5 ring mail "Oneagh" {rCorr Int+5, unknown}
   (You found it on level 3 of the Spider Nest)

   It affects your intelligence (+5).
   It provides partial protection from all sources of acid and corrosion.
Magical Staves
 j - an uncursed staff of death {unknown}
Jewellery
 u - an amulet of magic regeneration (around neck)
 v - a ring of wizardry (left hand)
 z - a +4 ring of slaying
 C - an uncursed amulet of guardian spirit {unknown}
 M - a +6 ring of dexterity {unknown}
 Q - a +4 ring of protection (right hand)
Wands
 n - a wand of iceblast (6)
 J - a wand of paralysis (5)
Scrolls
 i - a scroll of torment {unknown}
 l - 6 scrolls of fog
 m - 3 scrolls of fear
 o - 4 scrolls of teleportation
 t - a scroll of vulnerability {unknown}
 w - a scroll of brand weapon {unknown}
 B - a scroll of enchant weapon {unknown}
 G - a scroll of enchant armour
 H - a scroll of amnesia
 I - 2 scrolls of silence
 S - a scroll of magic mapping
 U - 6 scrolls of remove curse
 X - a scroll of summoning {unknown}
 Y - a scroll of identify
 Z - 3 scrolls of blinking {unknown}
Potions
 c - a potion of degeneration {unknown}
 f - 2 potions of stabbing
 g - a potion of ambrosia {unknown}
 h - a potion of flight {unknown}
 p - 2 potions of heal wounds
 q - 4 potions of might
 s - 5 potions of haste
 A - 2 potions of brilliance
 F - 6 potions of curing
 K - 2 potions of cancellation {unknown}
 O - 2 potions of magic
 R - 2 potions of berserk rage
Books
 N - a manual of Shields
Miscellaneous
 k - a lightning rod (4/4)
Comestibles
 d - 24 rations


   Skills:
 - Level 12.3 Fighting
 - Level 8.9(12.0) Short Blades
 - Level 13.0(14.0) Long Blades
 - Level 4.0 Armour
 - Level 3.9 Dodging
 - Level 5.0 Stealth
 - Level 4.0 Shields
 - Level 8.6 Spellcasting
 - Level 12.3 Necromancy
 - Level 2.4 Translocations
 - Level 7.0 Ice Magic
 + Level 8.3 Evocations


You couldn't memorise any spells.
You knew the following spells:

 Your Spells              Type           Power        Failure   Level  Hunger
a - Pain                  Necr           ####         1%          1    None
b - Animate Skeleton      Necr           N/A          1%          1    None
c - Vampiric Draining     Necr           #####.....   1%          3    #......
d - Animate Dead          Necr           N/A          1%          4    ###....
e - Agony                 Necr           #####...     1%          5    #####..
f - Dispel Undead         Necr           #####...     1%          4    ###....
g - Death Channel         Necr           #####.....   4%          6    ######.
h - Apportation           Tloc           ###...       1%          1    None
i - Simulacrum            Ice/Necr       #####.....   14%         6    ######.

Your spell library contained the following spells:

 Spells                   Type           Power        Failure   Level  Hunger
 Corpse Rot               Necr/Air       N/A          1%          2    None
 Ensorcelled Hibernation  Hex/Ice        ###...       1%          2    None
 Sublimation of Blood     Necr           #####.....   1%          2    None
 Beastly Appendage        Tmut           #.....       4%          1    None
 Corona                   Hex            #......      4%          1    None
 Shock                    Conj/Air       #...         4%          1    None
 Summon Small Mammal      Summ           #...         4%          1    None
 Gell's Gravitas          Tloc           ###.......   5%          3    #......
 Sticks to Snakes         Tmut           #.......     8%          2    None
 Swiftness                Chrm/Air       #.......     8%          2    None
 Excruciating Wounds      Chrm/Necr      ####......   11%         5    #####..
 Ice Form                 Ice/Tmut       ###.....     12%         4    ###....
 Confusing Touch          Hex            #.......     16%         3    #......
 Dazzling Flash           Conj/Hex       #.....       16%         3    #......
 Spider Form              Tmut/Pois      #.........   16%         3    #......
 Static Discharge         Conj/Air       #.......     16%         3    #......
 Tukima's Dance           Hex            #.......     16%         3    #......
 Metabolic Englaciation   Hex/Ice        ###.......   32%         5    #####..
 Airstrike                Air            #.........   43%         4    ###....
 Petrify                  Tmut/Erth      #.......     43%         4    ###....
 Blade Hands              Tmut           #.........   77%         5    #####..
 Lightning Bolt           Conj/Air       #.........   77%         5    #####..
 Yara's Violent Unravell  Hex/Tmut       #.........   77%         5    #####..
 Borgnjor's Revivificati  Necr           #####.....   87%         8    #######
 Infestation              Necr           #####.....   87%         8    #######
 Haunt                    Necr/Summ      ####......   96%         7    #######
 Death's Door             Chrm/Necr      ####......   100%        8    #######
 Necromutation            Tmut/Necr      ####......   100%        8    #######


Dungeon Overview and Level Annotations

Branches:
Dungeon (14/15)            Temple (1/1) D:5            Lair (6/6) D:8
 Shoals (0/4) Lair:2       Spider (4/4) Lair:4        Slime (0/5) Lair:6
    Orc (2/2) D:9             Elf (0/3) Orc:2        Vaults (0/5) D:13

Altars:
Ashenzari
Cheibriados
Dithmenos
Elyvilon
Fedhas
Gozag
Hepliaklqana
Kikubaaqudgha
Makhleb
Nemelex Xobeh
Okawaru
Qazlal
Ru
Sif Muna
Trog
Uskayaw
Vehumet
Wu Jian
Xom
Yredelemnul
Zin
The Shining One

Shops:
D:9 [   D:11 !!:(   Orc:1 (   Orc:2 ?[:*

Annotations:
D:7 exclusion: downstairs
D:13 exclusion: obsidian statue
D:14 Louise
Lair:6 3 runed translucent doors, Nutum's ghost, journeyman OpTm
Spider:1 exclusions: 6 doors and 2 oklob plants


Innate Abilities, Weirdness & Mutations

You have a pair of horns on your head.
You are significantly more attuned to the shadows.
You are completely covered in sharp spines.
When seriously injured, your bleeding wounds create thick armour. (AC +9)


Message History

Casting: Vampiric Draining (safe; 1% risk of failure)
Confirm with . or Enter, or press ? or * to list all spells.
Aiming: Vampiric Draining (safe; 1% risk of failure)
Press: ? - help, Shift-Dir - straight line, f - spark wasp
Aim: a spark wasp (heavily wounded)
The spark wasp is severely wounded.
You feel life coursing into your body.
A tarantella comes into view.
Your spectral spark wasp closely misses the spark wasp.
Your spectral hornet barely misses the spark wasp.
The hornet barely misses your spectral spark wasp.
Your ghost moth zombie hits the tarantella.
Your ghost moth zombie closely misses the tarantella.
Your ghost moth zombie hits the tarantella.
The spark wasp is struck by your spines.
The spark wasp stings you!!
* * * LOW HITPOINT WARNING * * *
The spark wasp shocks you. You resist.
You die...
Kikubaaqudgha rasps: "You have failed me!
Welcome... death!"

**≈,,,≈≈≈,************
*^,≈≈≈,,
***,,≈≈≈^*####***###******≈≈,,
*,,,*,^**^..,,...+,,* *,,,,,
*,,≈*****,.y,,[..#*****,,,≈*
**,,,** *,,.##..,* ***,,≈***
**,,≈***,,#sy#^,***,,,,,***
*≈,.^***##Zy#****^,^,,**≈,
***^,.≈** #yZ.#****≈,,≈≈≈≈≈≈
**,**,s..**#@^##,,*,,,,*≈≈≈**
**,,≈≈≈s..≈##Z.##.,,,≈≈******
*,,,≈≈≈#≈≈.†sZZ....,,***
***≈≈**#####.s...##*** ****
###...# *####


You could see an emperor scorpion (wandering), a spark wasp, a moth of wrath, a
hornet, a jumping spider, a tarantella, 2 friendly spectral hornets, a friendly
spectral spark wasp, a friendly tarantella zombie and a friendly ghost moth
zombie.

Vanquished Creatures
  A ghost moth (Spider:4)
  An emperor scorpion (Spider:1)
  A stone giant (Orc:2)
  2 entropy weavers
  A centaur warrior (D:13)
  A hydra (D:11)
  A catoblepas (Lair:5)
  4 two-headed ogres
  Urug (D:13)
  An orc high priest (Orc:2)
  2 unseen horrors
  A lindwurm (Lair:5)
  Pikel (D:9)
  An orc knight (Orc:1)
  3 orc sorcerers (Orc:2)
  17 wolf spiders
  8 orb spiders
  7 ugly things
  6 elephants
  2 cyclopes
  A manticore (D:12)
  A moth of wrath (Spider:2)
  5 black mambas
  Maurice (D:8)
  9 spiny frogs
  4 rime drakes
  10 komodo dragons
  3 demonic crawlers
  A queen bee (Spider:2)
  10 jumping spiders
  3 meliai (Spider:2)
  3 trolls
  4 hornets
  A meliai zombie (D:13)
  17 blink frogs
  3 hippogriffs
  6 dream sheep
  6 spriggans (Lair:1)
  33 redbacks
  34 yaks
  A wyvern (D:13)
  14 humans (D:13)
  A basilisk (D:8)
  15 tarantellas
  2 hungry ghosts
  3 vampire mosquitoes (D:14)
  A warg (Orc:1)
  14 water moccasins
  10 porcupines
  16 orc warriors
  3 ice beasts
  4 sky beasts
  A slave (D:9)
  A black bear (D:7)
  6 ogres
  2 necrophages
  24 wolves (Lair:3)
  13 crocodiles
  11 centaurs
  3 big kobolds (D:11)
  15 bullfrogs
  2 scorpions
  21 killer bees
  8 wights
  6 howler monkeys
  2 crimson imps
  2 bullfrog zombies
  4 centaur zombies
  A jelly (D:11)
  6 hounds
  28 orc priests
  A gnoll shaman (D:6)
  2 centaur skeletons
  10 iguanas
  23 orc wizards
  9 worker ants
  2 hound skeletons
  12 gnolls
  A howler monkey skeleton (D:5)
  11 adders
  9 shadow imps
  An ooze (D:7)
  A worm (D:2)
  4 leopard geckos
  82 orcs
  A ball python (D:2)
  3 giant cockroaches
  11 goblins
  4 hobgoblins
  8 jackals
  5 quokkas
  7 bats
  11 frilled lizards
  5 kobolds
  2 leopard gecko skeletons
  A leopard gecko zombie (D:7)
  9 rats
  3 plants (Lair:6)
695 creatures vanquished.

Vanquished Creatures (collateral kills)
  Arachne (Spider:3)
  2 emperor scorpions
  4 entropy weavers
  A spark wasp (Spider:4)
  4 hydras
  Erica (D:11)
  An anaconda (Lair:6)
  4 death yaks (Lair:6)
  5 wolf spiders
  7 orb spiders
  2 orc sorcerers (Orc:2)
  3 elephants (Lair:6)
  A merfolk siren (Lair:2)
  A centaur zombie (D:11)
  3 spiny frogs
  A torpor snail (Spider:1)
  A gargoyle (D:11)
  3 demonic crawlers
  2 trolls (D:9)
  8 jumping spiders
  A polar bear (Lair:6)
  2 hornets (Spider:4)
  Prince Ribbit (D:9)
  A hippogriff (Lair:2)
  7 blink frogs
  2 dream sheep (Lair:6)
  A spriggan (Lair:1)
  7 tarantellas
  A wyvern (Lair:5)
  20 redbacks
  2 basilisks (Lair:4)
  11 yaks
  A water moccasin (Lair:6)
  A porcupine (Lair:3)
  5 orc warriors
  6 wolves (Lair:3)
  3 centaurs
  3 crocodiles
  5 bullfrogs
  A wyvern zombie (D:7)
  A wight (D:7)
  A killer bee (Spider:2)
  2 howler monkeys
  An electric eel (Lair:5)
  A crimson imp (D:12)
  An orc priest (D:11)
  2 bullfrog skeletons
  2 iguanas (Lair:2)
  An orc wizard (D:10)
  A worker ant zombie (D:11)
  A gnoll (D:6)
  A dart slug (D:1)
  A leopard gecko (D:8)
  8 orcs
  A jackal skeleton (D:7)
  5 fungi
166 creatures vanquished.

Vanquished Creatures (others)
  A centaur (D:11)
  2 fungi
  25 plants
28 creatures vanquished.

Grand Total: 889 creatures vanquished

Notes
Turn   | Place    | Note
-------+----------+-------------------------------------------
     0 | D:1      | Matador8 the Demonspawn Necromancer began the quest for the
                  | Orb.
     0 | D:1      | Reached XP level 1. HP: 13/13 MP: 3/3
   203 | D:1      | Learned a level 1 spell: Animate Skeleton
   372 | D:1      | Gained mutation: You are slightly more attuned to the
                  | shadows. [demonic ancestry]
   372 | D:1      | Reached XP level 2. HP: 17/19 MP: 0/5
   987 | D:1      | Reached skill level 5 in Necromancy
   987 | D:1      | Reached XP level 3. HP: 20/24 MP: 0/7
  1715 | D:2      | Learned a level 3 spell: Vampiric Draining
  2053 | D:2      | Reached skill level 1 in Short Blades
  2365 | D:2      | Reached XP level 4. HP: 30/30 MP: 8/8
  2556 | D:3      | Noticed a bullfrog
  2574 | D:3      | Killed a bullfrog
  2574 | D:3      | Gained mutation: When seriously injured, your bleeding
                  | wounds create armour. (AC +9) [demonic ancestry]
  2574 | D:3      | Reached XP level 5. HP: 11/35 MP: 0/10
  3813 | D:4      | Reached skill level 1 in Fighting
  3813 | D:4      | Gained mutation: You have a pair of small horns on your
                  | head. [demonic ancestry]
  3813 | D:4      | Reached XP level 6. HP: 37/43 MP: 6/12
  4496 | D:5      | Entered Level 5 of the Dungeon
  4500 | D:5      | Found a staircase to the Ecumenical Temple.
  4508 | Temple   | Entered the Ecumenical Temple
  4775 | Temple   | Became a worshipper of Kikubaaqudgha
  5321 | D:5      | Got a bloodstained cloak
  5441 | D:5      | Reached skill level 1 in Long Blades
  5441 | D:5      | Reached XP level 7. HP: 42/51 MP: 7/13
  5883 | D:5      | Reached skill level 2 in Long Blades
  5897 | D:6      | Reached skill level 1 in Armour
  6769 | D:6      | Gained mutation: You are partially covered in sharp spines.
                  | [demonic ancestry]
  6769 | D:6      | Reached XP level 8. HP: 42/58 MP: 4/14
  6796 | D:6      | Reached * piety under Kikubaaqudgha
  6796 | D:6      | Identified Kikubaaqudgha's Tome of Evil (Kikubaaqudgha
                  | gifted it to you on level 6 of the Dungeon)
  6796 | D:6      | Received a gift from Kikubaaqudgha
  6847 | D:5      | Reached skill level 3 in Long Blades
  7545 | D:6      | Reached skill level 4 in Long Blades
  7705 | D:6      | Reached ** piety under Kikubaaqudgha
  7799 | D:6      | Noticed a two-headed ogre
  8126 | D:6      | Killed a two-headed ogre
  8126 | D:6      | Gained mutation: You are significantly more attuned to the
                  | shadows. [demonic ancestry]
  8126 | D:6      | Reached XP level 9. HP: 67/67 MP: 15/15
  8132 | D:6      | Noticed a cyan ugly thing
  8512 | D:7      | Reached skill level 5 in Fighting
  8834 | D:7      | Learned a level 4 spell: Animate Dead
  9138 | D:7      | Reached skill level 10 in Necromancy
  9156 | D:7      | Identified the +2 ring mail of Fuzzy the Leaf {-Cast rElec
                  | rCorr}
  9751 | D:7      | Identified the cursed +0 cloak "Ximucoih" {+Inv rF+} (You
                  | found it on level 5 of the Dungeon)
  9951 | D:8      | Found a staircase to the Lair.
  9951 | D:8      | Noticed an elephant
 10011 | D:8      | Gained mutation: You are mostly covered in sharp spines.
                  | [demonic ancestry]
 10011 | D:8      | Reached XP level 10. HP: 74/77 MP: 13/16
 10071 | D:8      | Noticed Maurice
 10079 | D:8      | Paralysed by Maurice for 2 turns
 10084 | D:8      | Killed Maurice
 10290 | D:3      | Learned a level 5 spell: Agony
 10478 | D:8      | Reached skill level 5 in Long Blades
 10532 | D:8      | Killed an elephant
 10773 | D:8      | Reached *** piety under Kikubaaqudgha
 10773 | D:8      | Identified Kikubaaqudgha's Incunabulum of Black Arts
                  | (Kikubaaqudgha gifted it to you on level 8 of the Dungeon)
 10773 | D:8      | Received a gift from Kikubaaqudgha
 10824 | D:8      | Reached skill level 6 in Long Blades
 11243 | D:9      | Reached skill level 5 in Spellcasting
 11527 | D:9      | Found a staircase to the Orcish Mines.
 11533 | D:9      | Found Huuffoor's Armour Emporium.
 11769 | D:9      | Noticed Pikel
 11780 | D:9      | Killed Pikel
 11862 | D:9      | Noticed Prince Ribbit
 11874 | D:9      | Killed Prince Ribbit
 11874 | D:9      | Gained mutation: When seriously injured, your bleeding
                  | wounds create thick armour. (AC +9) [demonic ancestry]
 11874 | D:9      | Reached XP level 11. HP: 70/86 MP: 9/19
 12033 | D:9      | Found a sparkling altar of Nemelex Xobeh.
 12041 | D:9      | Found a shadowy altar of Dithmenos.
 12042 | D:9      | Found an ornate altar of the Wu Jian Council.
 12042 | D:9      | Found a stormy altar of Qazlal.
 12155 | D:10     | Entered Level 10 of the Dungeon
 12495 | D:10     | Reached **** piety under Kikubaaqudgha
 13068 | Lair:1   | Entered Level 1 of the Lair of Beasts
 13171 | Lair:1   | Reached skill level 5 in Stealth
 13381 | Lair:1   | Reached skill level 5 in Short Blades
 14713 | Lair:2   | Found a staircase to the Shoals.
 14756 | Lair:2   | Reached ***** piety under Kikubaaqudgha
 14799 | Lair:2   | Reached XP level 12. HP: 64/97 MP: 8/22
 15010 | Lair:2   | Reached skill level 10 in Fighting
 16729 | Lair:3   | Reached skill level 5 in Evocations
 17322 | Lair:3   | Reached skill level 1 in Shields
 18108 | Lair:3   | Upgraded the game from 0.25.0-10-g039870ee82 to
                  | 0.25.0-11-g1f837a76a1
 18381 | Lair:4   | Noticed a four-headed hydra
 18471 | Lair:4   | Gained mutation: You have a pair of horns on your head.
                  | [demonic ancestry]
 18471 | Lair:4   | Reached XP level 13. HP: 78/103 MP: 23/23
 18515 | Lair:4   | Reached ****** piety under Kikubaaqudgha
 18624 | Lair:4   | Found a hole to the Spider Nest.
 19550 | Lair:5   | Got a twisted ring mail
 20080 | Lair:5   | Identified the +1 ring mail of the Candlemaker {rC+ MR+
                  | Int-4 Dex+4} (You found it on level 5 of the Lair of
                  | Beasts)
 20686 | Lair:6   | Entered Level 6 of the Lair of Beasts
 21116 | Lair:6   | Found a runed translucent gate.
 21121 | Lair:6   | Noticed Nutum's ghost (journeyman OpTm)
 21311 | Lair:6   | Found a runed translucent gate.
 21331 | Lair:6   | Found a runed translucent gate.
 21463 | Lair:6   | Found a staircase to the Slime Pits.
 22737 | D:11     | Found Qeessicoza's Distillery.
 22774 | D:11     | Bought a potion of mutation for 104 gold pieces
 22774 | D:11     | Bought a potion of might for 52 gold pieces
 22774 | D:11     | Bought a potion of brilliance for 52 gold pieces
 22774 | D:11     | Bought a potion of haste for 130 gold pieces
 22822 | D:11     | Received a gift from Kikubaaqudgha
 23001 | D:11     | Found Imilos's Distillery.
 23038 | D:11     | Bought a potion of heal wounds for 70 gold pieces
 23038 | D:11     | Bought a potion of heal wounds for 70 gold pieces
 23038 | D:11     | Bought a potion of berserk rage for 70 gold pieces
 23055 | D:11     | Learned a level 4 spell: Dispel Undead
 23062 | D:11     | Learned a level 6 spell: Death Channel
 23125 | D:11     | Noticed Erica
 23141 | D:11     | Killed Erica
 23231 | D:11     | Found Bacilid's Book Boutique.
 23273 | D:11     | Found Angagho's Antique Weapon Emporium.
 23539 | D:12     | Reached skill level 7 in Long Blades
 23539 | D:12     | Gained mutation: You are completely covered in sharp
                  | spines. [demonic ancestry]
 23539 | D:12     | Reached XP level 14. HP: 78/116 MP: 17/26
 23660 | D:12     | You fall into a shaft and drop 2 floors!
 23725 | D:12     | Found the -2 hat of the Alchemist {rElec rPois rF+ rC+ rN+
                  | MR+ rMut rCorr}
 23866 | D:12     | Found a shadowy altar of Dithmenos.
 24794 | Orc:1    | Entered Level 1 of the Orcish Mines
 24802 | Orc:1    | Reached skill level 8 in Long Blades
 24934 | Orc:1    | Found Jeurron's Weapon Boutique.
 25447 | Orc:2    | Entered Level 2 of the Orcish Mines
 25527 | Orc:2    | Learned a level 1 spell: Apportation
 25663 | Orc:2    | Noticed a stone giant
 25678 | Orc:2    | Killed a stone giant
 26064 | Orc:2    | Found a staircase to the Elven Halls.
 26553 | Orc:2    | Reached skill level 9 in Long Blades
 26623 | Orc:2    | Found Tuhoj's Book Boutique.
 26634 | Orc:2    | Found Qiovoeve's Assorted Antiques.
 26643 | Orc:2    | Found Meicwual's Magic Scroll Shop.
 26644 | Orc:2    | Found Tanog's Antique Armour Shop.
 26678 | Orc:2    | Paralysed by an orc sorcerer for 3 turns
 26911 | Orc:2    | Bought a scroll of identify for 28 gold pieces
 26911 | Orc:2    | Bought a scroll of enchant armour for 105 gold pieces
 26911 | Orc:2    | Bought a scroll of teleportation for 42 gold pieces
 26911 | Orc:2    | Bought a scroll of fog for 28 gold pieces
 26911 | Orc:2    | Bought a scroll of identify for 28 gold pieces
 26911 | Orc:2    | Bought a scroll of magic mapping for 49 gold pieces
 26916 | Orc:2    | Bought a pair of glowing boots for 232 gold pieces
 28123 | D:13     | Reached skill level 10 in Long Blades
 28324 | D:13     | Noticed Urug
 28372 | D:13     | Killed Urug
 28412 | D:13     | Found a gate to the Vaults.
 29027 | D:14     | Noticed Louise
 29462 | D:14     | Reached skill level 11 in Long Blades
 30142 | Spider:1 | Entered Level 1 of the Spider Nest
 30870 | Spider:1 | Reached skill level 12 in Long Blades
 30878 | Spider:1 | Noticed an emperor scorpion
 30895 | Spider:1 | Killed an emperor scorpion
 31290 | Spider:1 | Noticed an emperor scorpion
 31306 | Spider:1 | Noticed an entropy weaver
 31331 | Spider:1 | Noticed an emperor scorpion
 31348 | Spider:1 | Killed an emperor scorpion
 31348 | Spider:1 | Reached XP level 15. HP: 86/122 MP: 20/27
 32320 | Spider:1 | Reached skill level 13 in Long Blades
 32510 | Spider:2 | Learned a level 6 spell: Simulacrum
 32705 | Spider:1 | Reached skill level 1 in Ice Magic
 34497 | Spider:2 | Reached skill level 5 in Ice Magic
 34696 | Spider:2 | Reached skill level 1 in Translocations
 35480 | Spider:3 | Noticed Arachne
 35501 | Spider:3 | Killed Arachne
 36184 | Spider:3 | Got a dazzling ring mail
 36566 | Spider:3 | Paralysed by a hornet for 3 turns
 36866 | Spider:4 | Entered Level 4 of the Spider Nest
 37124 | Spider:4 | Killed a ghost moth
 37144 | Spider:4 | HP: 3/122 [spark wasp (28)]
 37144 | Spider:4 | Slain by a spark wasp

Illustrated notes

Levels and vault maps discovered:
D:1:      grunt_arrival_crossed_arrows, layout_loops_ring
D:2:      layout_loops_ring
D:3:      layout_rooms
D:4:      layout_rooms
D:5:      minmay_skewed_foursquare, layout_cave_pools, temple_fountains,
          first_ration
D:6:      layout_cave_pools, small_statue_intersection, dk_noncrumbling_3,
          minmay_crystal_water, minmay_manual_monstrance
D:7:      layout_basic, grunt_ministairs_8
D:8:      layout_cave_pools, david_lair_generic, uniq_maurice
D:9:      layout_basic, chequers_temple_overflow_statue_of_worship, orc_david_3,
          uniq_prince_ribbit1, uniq_pikel
D:10:     layout_roguey
D:11:     layout_cave_pools, serial_shops, shop_coins, shop, kennysheep_mini,
          shop, hangedman_ranch [blue_anna_fruit_fields], uniq_erica
D:12:     layout_stronghold, basic_altar
D:13:     layout_long_grid, david_vaults_3, serial_undead, serial_undead_c,
          serial_undead_b, serial_undead_e, serial_undead_b, minivault_16
D:14:     layout_loops_corners, enter_bailey_3, uniq_roxanne, uniq_louise
Temple:   dpeg_five_rooms_temple
Lair:1:   kb_forest_paths, layout_big_grid
Lair:2:   beast_lair_carwin_large_3, layout_misc_corridors,
          minmay_shoals_entry_lonely_mermaid
Lair:3:   layout_cave_pods, grunt_forest_large_clearings
Lair:4:   layout_long_grid, spider_nest_entry_web_field
Lair:5:   layout_cave_pods, small_statue_intersection, grunt_megastairs_2,
          infiniplex_staircase_pool
Lair:6:   due_jungle_book, layout_cave_shapes, slime_dummy,
          gammafunk_ghost_hydra_chop, nicolae_lair_grove_arrangements
Spider:1: spider_temple_joshua, drop_trap
Spider:2: layout_spider_delve, drop_trap, nicolae_looking_at_the_future
Spider:3: layout_spider_delve, uniq_arachne
Spider:4: spider_rune_water, uniq_mara
Orc:1:    layout_caves, serial_shops, shop
Orc:2:    st_orc_mages, layout_caves, library_closet, nicolae_orc_tapped_out

Skill      XL: |  1  2  3  4  5  6  7  8  9 10 11 12 13 14 15 |
---------------+----------------------------------------------+-----
Necromancy     | 5 6 8 10 12 | 12.3
Spellcasting   | 3 4 5 7 8 |  8.6
Short Blades   | 1 2 3 6 8 |  8.9
Fighting       | 1 2 3 4 6 8 9 10 12 | 12.3
Long Blades    | 1 2 4 6 7 12 13 | 13.0
Armour         | 2 4 |  4.0
Evocations     | 3 4 6 8 |  8.3
Stealth        | 4 5 |  5.0
Shields        | 4 |  4.0
Dodging        | 3 |  3.9
Ice Magic      | 7 |  7.0
Translocations | 2 |  2.4

Action                   |  1- 3 |  4- 6 |  7- 9 | 10-12 | 13-15 || total
-------------------------+-------+-------+-------+-------+-------++-------
Melee: Dagger            |    18 |    87 |   132 |   536 |   363 ||  1136
       Falchion          |       |    12 |    64 |       |       ||    76
       Headbutt          |       |    10 |    41 |   103 |   177 ||   331
       Short sword       |       |       |       |       |    28 ||    28
       Scimitar          |       |       |       |       |   579 ||   579
Throw: Stone             |       |       |     2 |     4 |       ||     6
 Cast: Pain              |    63 |    78 |    81 |    42 |    42 ||   306
       Animate Skeleton  |    12 |    20 |    23 |    70 |    80 ||   205
       Vampiric Draining |     1 |     6 |    38 |   127 |   172 ||   344
       Animate Dead      |       |       |     1 |     9 |    48 ||    58
       Agony             |       |       |       |     1 |     2 ||     3
       Death Channel     |       |       |       |       |    13 ||    13
       Dispel Undead     |       |       |       |       |     4 ||     4
       Apportation       |       |       |       |       |     2 ||     2
Invok: Receive Corpses   |       |       |     1 |     4 |    33 ||    38
       Receive Necronomi |       |       |       |       |     1 ||     1
       Torment           |       |       |       |       |     1 ||     1
Evoke: Wand              |       |       |    16 |       |    18 ||    34
  Use: Potion            |       |     2 |       |     2 |    11 ||    15
       Scroll            |       |     2 |     6 |     8 |    13 ||    29
 Stab: Sleeping          |     3 |     2 |     4 |    35 |    39 ||    83
       Distracted        |       |     1 |     1 |     4 |     9 ||    15
       Paralysed         |       |       |     4 |       |     8 ||    12
       Invisible         |       |       |       |       |     1 ||     1
  Eat: Chunk             |     5 |    11 |    15 |    25 |    29 ||    85
       Ration            |       |       |     2 |     2 |    15 ||    19
Armor: Robe              |     6 |    18 |     2 |       |       ||    26
       Leather armour    |       |       |    32 |   118 |   353 ||   503
Dodge: Dodged            |    15 |    65 |   119 |   250 |   471 ||   920
Block: Buckler           |       |       |       |       |   297 ||   297
       Rpst.: Falchion   |       |     6 |     9 |       |       ||    15
       Scimitar          |       |       |       |       |    74 ||    74
